 Dungeon Crawl Stone Soup version 0.20.1-1-g8b1a95d (webtiles) character file.

61 Liatris the Chopper (level 3, -6/27 HPs)
             Began as a Demonspawn Gladiator on Aug 16, 2017.
             Killed by divine providence
             ... invoked by an orc priest
              (10 damage)
             ... on level 3 of the Dungeon.
             The game lasted 00:07:37 (1721 turns).

Liatris the Chopper (Demonspawn Gladiator)          Turns: 1721, Time: 00:07:37

Health: -6/27      AC:  7    Str: 14    XL:     3   Next: 83%
Magic:  3/3        EV: 10    Int:  9    God:
Gold:   129        SH:  7    Dex: 15    Spells: 2/2 levels left

rFire    + . .     SeeInvis .   a - +1 war axe
rCold    + . .     Gourm    .   e - +0 shield
rNeg     . . .     Faith    .   f - +2 leather armour {rF+}
rPois    .         Spirit   .   (helmet restricted)
rElec    .         Reflect  .   l - +1 cloak
rCorr    .         Harm     .   (no gloves)
MR       .....                  (no boots)
Stlth    ++........             (no amulet)
Regen    0.1/turn               g - ring of protection from cold
MPRegen  0.1/turn               (no ring)

@: no status effects
A: horns 1
a: no special abilities


You were on level 3 of the Dungeon.
You were not hungry.

You visited 1 branch of the dungeon, and saw 3 of its levels.

You collected 129 gold pieces.

Inventory:

Hand Weapons
 a - a +1 war axe (weapon)
Missiles
 d - 3 throwing nets (quivered)
Armour
 b - a +0 leather armour
 c - a +0 helmet
 e - a +0 shield (worn)
 f - a +2 leather armour of fire resistance (worn)
 l - a +1 cloak (worn)
Jewellery
 g - a ring of protection from cold (left hand)
Scrolls
 h - a scroll of identify {unknown}
 k - 4 scrolls of remove curse
 m - a scroll of fog {unknown}
Potions
 j - a potion of haste
Comestibles
 i - a bread ration


   Skills:
 + Level 2.2 Fighting
 + Level 3.3 Axes
 + Level 1.9 Throwing
 + Level 1.0 Armour
 + Level 3.1 Dodging
 * Level 1.0 Stealth
 + Level 0.1 Shields


You had 2 spell levels left.
You didn't know any spells.

Dungeon Overview and Level Annotations

Branches:
Dungeon (3/15)

Altars:
Nemelex Xobeh
Ru
Trog
Uskayaw


Innate Abilities, Weirdness & Mutations

You have a pair of small horns on your head.


Message History

You closely miss the orc. Your headbutt misses the orc.
The orc is severely wounded.
The orc wizard casts a spell.
The orc wizard flickers and vanishes!
Deactivating autopickup; reactivate with Ctrl-A.
The orc hits you but does no damage. x2
You hit the orc. You headbutt the orc.
You kill the orc!
Your Stealth skill increases to level 1!
Something hits you but does no damage. Something hits you.
* * * LOW HITPOINT WARNING * * *
The orc priest looks braver for a moment.
Something hits you.
* * * LOW HITPOINT WARNING * * *
Something hits you but does no damage.
A kobold comes into view.
You block something's attack.
The orc priest mumbles some strange prayers to Beogh against you.
Beogh smites you!
You die...

#o. #.# #.# #.# #.# #.#
######K####### #.#
#......)oo.o.########.#
#.####.#####....†.....#
#.# #.########## #.#
#{# #.. #@# ### #..#
##.# ##. #


You could see an orc priest.

Vanquished Creatures
  An ooze (D:1)
  3 worms
  A leopard gecko (D:1)
  2 orcs (D:3)
  A ball python (D:2)
  A giant cockroach (D:1)
  6 goblins (D:1)
  3 hobgoblins
  5 jackals
  A quokka (D:3)
  4 bats
  A frilled lizard (D:3)
  11 kobolds
  3 rats
43 creatures vanquished.

Notes
Turn   | Place    | Note
-------+----------+-------------------------------------------
     0 | D:1      | Liatris the Demonspawn Gladiator began the quest for the Orb.
     0 | D:1      | Reached XP level 1. HP: 16/16 MP: 1/1
    60 | D:1      | Gained mutation: You have a pair of small horns on your head. [demonic ancestry]
    60 | D:1      | Reached XP level 2. HP: 22/22 MP: 2/2
   846 | D:1      | Reached XP level 3. HP: 26/27 MP: 3/3
   863 | D:2      | Found a sparkling altar of Nemelex Xobeh.
  1117 | D:2      | Found a faded altar of an unknown god.
  1216 | D:2      | Found a bloodstained altar of Trog.
  1220 | D:2      | Found a hide-covered altar of Uskayaw.
  1225 | D:2      | Found a sacrificial altar of Ru.
  1685 | D:3      | Reached skill level 1 in Armour
  1714 | D:3      | Reached skill level 1 in Stealth
  1721 | D:3      | Killed from afar by an orc priest

Skill      XL: |  1  2  3 |
---------------+----------+-----
Axes           | 3 |  3.3
Dodging        | 3 |  3.1
Armour         | 1 |  1.0
Stealth        | 1 |  1.0
Fighting       | |  2.2
Throwing       | |  1.9
Shields        | |  0.1

Action                   || total
-------------------------++-------
Melee: War axe           ||   114
       Headbutt          ||    17
  Use: Potion            ||     6
       Scroll            ||     4
 Stab: Sleeping          ||     1
  Eat: Bread ration      ||     1
Armor: Leather armour    ||    56
Dodge: Dodged            ||    47
Block: Shield            ||    40
